 Dungeon Crawl Stone Soup version 0.27.1-2-g3b301248ec (webtiles) character file.

Game seed: 16326385995427473209

6736 Borgoz the Fighter (level 11, -2/71 HPs)
             Began as a Gargoyle Berserker on Sept 25, 2021.
             Was an Elder of Trog.
             Slain by a cyclops (24 damage)
             ... on level 10 of the Dungeon.
             The game lasted 00:13:04 (13007 turns).

Borgoz the Fighter (Gargoyle Berserker)            Turns: 13007, Time: 00:13:04

Health: -2/71      AC: 16    Str: 28    XL:     11   Next: 4%
Magic:  3/3        EV: 14    Int: 10    God:    Trog [****..]
Gold:   722        SH:  0    Dex: 12    Spells: 10/10 levels left

rFire    . . .     SeeInvis .   y - +5 mace (antimagic)
rCold    . . .     Faith    .   (no shield)
rNeg     + . .     Spirit   .   b - +0 animal skin
rPois    ∞         Reflect  .   m - +0 helmet
rElec    +         Harm     .   p - +0 cloak
rCorr    +         Rampage  .   (no gloves)
Will     ++...                  f - +1 pair of boots of the Devil's Team {Regen+ rCorr Int+3}
Stlth    +.........             (no amulet)
HPRegen  2.21/turn              C - ring of resist corrosion
MPRegen  0.08/turn              D - +6 ring of strength

@: mighty, strong-willed, on berserk cooldown, regenerating, slowed, very slow
A: sickness immunity, AC +8, negative energy resistance 1, electricity
resistance, torment resistance 1, petrification resistance
a: Renounce Religion, Berserk, Trog's Hand, Brothers in Arms


You were on level 10 of the Dungeon.
You worshipped Trog.
Trog was greatly pleased with you.
You visited 1 branch of the dungeon, and saw 10 of its levels.
You also visited: Ossuary.

You collected 722 gold pieces.

Inventory:

Hand Weapons
 y - a +5 antimagic mace (weapon)
Missiles
 q - 8 throwing nets (quivered)
Armour
 b - a +0 animal skin (worn)
 f - the +1 pair of boots of the Devil's Team (worn) {Regen+ rCorr Int+3}
   (You acquired it on level 9 of the Dungeon)

   Int:       It affects your intelligence (+3).
   Regen:     It increases your rate of health regeneration.
   rCorr:     It protects you from acid and corrosion.
 m - a +0 helmet (worn)
 p - a +0 cloak (worn)
Jewellery
 C - a ring of resist corrosion (left hand)
 D - a +6 ring of strength (right hand)
 E - a ring of positive energy
Wands
 z - a wand of iceblast (11)
 A - a wand of flame (13)
Scrolls
 c - 2 scrolls of amnesia {unknown}
 d - 3 scrolls of enchant armour {unknown}
 e - 8 scrolls of teleportation
 g - 3 scrolls of noise {unknown}
 i - a scroll of immolation
 l - a scroll of torment {unknown}
 n - 2 scrolls of enchant weapon {unknown}
 o - 3 scrolls of magic mapping {unknown}
 r - a scroll of fear
 t - a scroll of fog
 u - a scroll of vulnerability
 v - a scroll of identify
Potions
 a - 3 potions of mutation
 h - a potion of cancellation
 j - 6 potions of lignification
 k - a potion of might
 s - 2 potions of magic
 w - a potion of curing
 x - 2 potions of haste
 B - a potion of attraction
 F - a potion of flight


   Skills:
 + Level 9.6 Fighting
 + Level 8.9 Maces & Flails
 + Level 9.3 Armour
 + Level 7.1 Dodging


You had 10 spell levels left.
You didn't know any spells.
Your spell library was empty.

Dungeon Overview and Level Annotations

Branches:
Dungeon (10/15)            Temple (0/1) D:5         Ossuary (visited)
   Lair: D:8-11         Orc: D:9-12

Altars:
Dithmenos
Elyvilon
Nemelex Xobeh
Ru
Uskayaw
Vehumet
Yredelemnul

Annotations:
D:9 2 transporters, exclusion: obsidian statue, Garym's ghost, novice MiFi


Innate Abilities, Weirdness & Mutations

You are immune to sickness and miasma.
Your stone body is resilient. (AC +8)
You are immune to poison.
You resist negative energy. (rN+)
You are resistant to electric shocks. (rElec)
You are resistant to unholy torment.
You are immune to petrification.


Message History

The orc warrior hits you with a +4 short sword of speed!
The orc warrior hits you but does no damage.
You closely miss the orc warrior.
The orc warrior is heavily wounded.
The orc warrior hits you with a +4 short sword of speed.
The orc warrior hits you with a +4 short sword of speed!!
* * * LOW HITPOINT WARNING * * *
You sock the orc warrior!
The orc warrior is almost dead.
The orc warrior hits you with a +4 short sword of speed.
* * * LOW HITPOINT WARNING * * *
The orc warrior hits you but does no damage.
You sock the orc warrior!
You kill the orc warrior!
Trog accepts your kill.
You hit the cyclops.
The cyclops is lightly wounded.
You hit the cyclops.
The cyclops is lightly wounded.
The cyclops closely misses you.
You sock the cyclops!
The cyclops is moderately wounded.
The cyclops misses you.
You completely miss the cyclops.
The cyclops is moderately wounded.
The cyclops hits you but does no damage.
You hit the cyclops.
The cyclops is heavily wounded.
The cyclops hits you!
You hit the cyclops.
The cyclops is heavily wounded.
The cyclops hits you!!
* * * LOW HITPOINT WARNING * * *
You hear a shout!
You feel better.
The cyclops hits you but does no damage.
You feel very mighty all of a sudden.
An orc comes into view. It is wielding a +0 falchion.
The cyclops hits you!!
You die...

##### #.#.# #...# #.#.#
#...# #.#.# ##...#######
#.#.#
...........#########.#.#
##......##.#.........#.#
##......##.#.#########.#
...##...##.#.####### #.#
##.##...##.#....@CZ# #.#
...........#######o###.#
....))....>.C.....)....#
#.#).......#######.#####
#.#.).)....# #.#
#.#.)......# #.#
#.#........# #.#
#........# #.#
#........# #.#


You could see a cyclops, an orc and a centaur warrior zombie.

Vanquished Creatures
  Harold (D:7)
  Nergalle (D:10)
  The ghost of MisterFreud the Blocker, a novice GnFi of Zin (D:6)
  A troll (D:7)
  Prince Ribbit (D:9)
  Grinder (D:3)
  Sigmund (D:4)
  2 wyverns
  Menkaure (D:7)
  A water moccasin (D:7)
  4 orc warriors
  An ice beast (D:6)
  A hornet zombie (D:7)
  An ogre (D:7)
  2 centaurs
  8 kobold brigands
  2 elf zombies (Ossuary)
  6 bullfrogs
  A scorpion (D:5)
  A water moccasin skeleton (D:3)
  A wight (D:7)
  3 howler monkeys
  2 bullfrog zombies
  3 centaur zombies
  A centaur skeleton (D:7)
  2 human zombies (Ossuary)
  4 hounds
  4 jellies
  A bullfrog skeleton (D:7)
  5 orc priests
  2 gnoll shamans
  Natasha (thrice) (D:2)
  2 iguanas
  9 orc wizards
  4 hound zombies
  3 mummies (Ossuary)
  2 howler monkey zombies (D:8)
  Robin (D:3)
  14 gnolls
  A howler monkey skeleton (D:7)
  An adder (D:3)
  2 white imps
  An ufetubus (D:5)
  5 adder zombies
  A worm (D:2)
  5 dart slugs
  15 orcs
  4 endoplasms
  3 giant cockroaches
  21 goblins
  9 hobgoblins
  9 kobolds
  2 quokkas
  7 ball pythons
  A bat (D:2)
  A frilled lizard (D:2)
  3 gnoll zombies (Ossuary)
  7 goblin zombies (Ossuary)
  A hobgoblin zombie (Ossuary)
  2 jackal zombies (Ossuary)
  3 kobold zombies (Ossuary)
  An orc zombie (Ossuary)
  2 quokka zombies (Ossuary)
  2 rats
  4 rat zombies (Ossuary)
217 creatures vanquished.

Vanquished Creatures (others)
  2 vampire mosquitoes (D:9)
  A centaur zombie (D:9)
  3 gnolls (D:9)
  A howler monkey simulacrum (D:9)
7 creatures vanquished.

Grand Total: 224 creatures vanquished

Notes
Turn   | Place    | Note
-------+----------+-------------------------------------------
     0 | D:1      | Borgoz the Gargoyle Berserker began the quest for the Orb.
     0 | D:1      | Reached XP level 1. HP: 14/14 MP: 1/1
   409 | D:1      | Reached XP level 2. HP: 19/19 MP: 2/2
   685 | D:1      | Found a faded altar of an unknown god.
  1154 | D:2      | Found a radiant altar of Vehumet.
  1763 | D:2      | Reached XP level 3. HP: 5/23 MP: 3/3
  2066 | D:2      | Noticed Natasha
  2079 | D:2      | Killed Natasha
  2362 | D:2      | Reached XP level 4. HP: 25/29 MP: 4/4
  2611 | D:2      | Noticed Natasha
  2617 | D:2      | Killed Natasha
  2864 | D:2      | Noticed Natasha
  2868 | D:2      | Killed Natasha
  2869 | D:2      | Reached XP level 5. HP: 33/33 MP: 5/5
  2959 | D:3      | Reached ** piety under Trog
  3457 | D:3      | You fall into a shaft and drop 1 floor!
  3529 | D:4      | Noticed Sigmund
  3547 | D:4      | Killed Sigmund
  3548 | D:4      | Reached XP level 6. HP: 32/40 MP: 6/6
  4150 | D:3      | Reached skill level 5 in Fighting
  4170 | D:3      | Reached XP level 7. HP: 18/44 MP: 7/7
  4242 | D:3      | Noticed Robin
  4243 | D:3      | Noticed Grinder
  4270 | D:3      | Killed Robin
  4286 | D:3      | Paralysed by Grinder for 6 turns
  4305 | D:3      | Killed Grinder
  4306 | D:3      | Reached skill level 5 in Maces & Flails
  4567 | D:3      | Reached skill level 5 in Armour
  4818 | D:3      | Found a basalt altar of Yredelemnul.
  5249 | D:5      | Entered Level 5 of the Dungeon
  5358 | D:5      | Reached XP level 8. HP: 15/51 MP: 8/8
  5718 | D:5      | Found a staircase to the Ecumenical Temple.
  6500 | D:6      | Found a hide-covered altar of Uskayaw.
  6535 | D:6      | Found a shadowy altar of Dithmenos.
  6645 | D:6      | Found a sand-covered staircase.
  6734 | Ossuary  | Entered an ossuary
  6823 | Ossuary  | Reached *** piety under Trog
  7500 | D:6      | Found a runed translucent gate.
  7565 | D:6      | Found a runed translucent gate.
  7566 | D:6      | Found a runed translucent gate.
  7640 | D:6      | Noticed MisterFreud's ghost (novice GnFi)
  7778 | D:7      | Noticed Menkaure
  7788 | D:7      | Killed Menkaure
  8117 | D:7      | Noticed Harold
  8131 | D:7      | Killed Harold
  8132 | D:7      | Reached skill level 5 in Dodging
  8132 | D:7      | Reached XP level 9. HP: 8/57 MP: 0/9
  8555 | D:7      | Reached **** piety under Trog
  8800 | D:7      | Reached XP level 10. HP: 24/64 MP: 3/10
  9662 | D:7      | Found a white marble altar of Elyvilon.
  9747 | D:6      | Killed MisterFreud's ghost
 10394 | D:8      | Found a sacrificial altar of Ru.
 10844 | D:9      | Noticed a kobold demonologist
 10850 | D:8      | Noticed a centaur warrior
 10850 | D:8      | Noticed a manticore
 11557 | D:9      | Identified the +2 broad axe "Ydiuger" {drain, rElec rPois
                  | Int+4}
 11558 | D:9      | Noticed a manticore
 11783 | D:9      | Noticed a centaur warrior
 11784 | D:9      | Noticed a tengu warrior
 11787 | D:9      | Noticed a two-headed ogre
 11787 | D:9      | Noticed a seven-headed hydra
 11789 | D:9      | Noticed a five-headed hydra
 11790 | D:9      | Noticed a two-headed ogre
 11809 | D:9      | Noticed an obsidian statue
 11855 | D:9      | Found a sparkling altar of Nemelex Xobeh.
 12011 | D:9      | Found a radiant altar of Vehumet.
 12078 | D:9      | Noticed a death knight
 12082 | D:9      | Noticed Garym's ghost (novice MiFi)
 12093 | D:9      | Found a transporter.
 12188 | D:9      | Found a transporter.
 12496 | D:9      | Noticed Prince Ribbit
 12504 | D:9      | Killed Prince Ribbit
 12607 | D:9      | Identified a scroll of acquirement
 12609 | D:9      | Acquired the +1 pair of boots of the Devil's Team {Regen+
                  | rCorr Int+3}
 12635 | D:10     | Entered Level 10 of the Dungeon
 12658 | D:10     | Noticed Nergalle
 12777 | D:10     | Killed Nergalle
 12965 | D:10     | Reached XP level 11. HP: 57/71 MP: 3/11
 12989 | D:10     | Noticed a cyclops
 13007 | D:10     | Slain by a cyclops

Illustrated notes

Levels and vault maps discovered:
D:1:      dpeg_arrival_rhombi, layout_loops_ring,
          hellmonk_ecumenical_altar_leap_of_faith, minmay_hedge_maze
D:2:      minmay_angry_zag, layout_loops_ring, basic_altar, uniq_natasha
D:3:      kennysheep_the_goblin_king, layout_basic,
          lemuel_zombie_altar_yredelemnul, uniq_robin, uniq_grinder
D:4:      layout_basic, kennysheep_generic_room_3, uniq_sigmund
D:5:      layout_basic, minmay_temple_entry_ruins
D:6:      layout_basic, nicolae_dithmenos_the_darkroom,
          nicolae_uskayaw_murder_on_the_dancefloor, enter_ossuary_5,
          gammafunk_ghost_nasty_kobolds
D:7:      layout_loops_ring, nicolae_overflow_hidden_temple,
          minmay_alternating_orb, uniq_menkaure, uniq_harold
D:8:      cheibrodos_elevator_heist, layout_loops_ring,
          mainiacjoe_overflow_alcove_4
D:9:      layout_basic, kennysheep_mini_moat, amcnicky_altar_gilded,
          gammafunk_ghost_mausoleum, minmay_misc_feat_encased, minivault_16,
          minivault_12, uniq_prince_ribbit1
D:10:     hangedman_cross_veins, layout_basic, nzn_wu_jian_contemplation,
          ploomutoo_gammafunk_ghost_potion_laboratory, uniq_nergalle

Skill      XL: |  1  2  3  4  5  6  7  8  9 10 |
---------------+-------------------------------+-----
Dodging        | 2 3 5 6 7 |  7.1
Fighting       | 4 5 7 8 9 |  9.6
Armour         | 3 4 5 7 9 |  9.3
Maces & Flails | 4 5 6 7 8 |  8.9

Action                   |  1- 3 |  4- 6 |  7- 9 | 10-12 || total
-------------------------+-------+-------+-------+-------++-------
Melee: Mace              |    87 |    95 |    95 |   282 ||   559
       Flail             |       |    19 |   364 |       ||   383
Invok: Berserk           |     1 |     3 |     6 |     5 ||    15
       Trog's Hand       |       |     3 |     4 |     3 ||    10
Evoke: Wand              |       |       |       |     2 ||     2
  Use: Potion            |       |       |     2 |     2 ||     4
       Scroll            |       |       |     1 |    14 ||    15
Armor: Animal skin       |    23 |    43 |   235 |   135 ||   436
Dodge: Dodged            |    51 |    74 |   354 |   201 ||   680
